 Dungeon Crawl Stone Soup version 0.17.2-1-ge4368a0 (webtiles) character file.

2207 daftwullie the Cudgeler (level 9, 0/88 HPs)
             Began as an Ogre Warper on Feb 13, 2017.
             Was an Initiate of the Shining One.
             Slain by a killer bee (8 damage)
             ... on level 7 of the Dungeon on Feb 14, 2017.
             The game lasted 02:34:10 (14301 turns).

daftwullie the Cudgeler (Ogre Warper)              Turns: 14301, Time: 02:34:10

Health: 0/88       AC:  2    Str: 20    XL:     9   Next: 34%
Magic:  9/19       EV: 10    Int: 13    God:    the Shining One [......]
Gold:   321        SH:  0    Dex:  9    Spells: 3 memorised, 16 levels left

rFire  . . .     SeeInvis .     a - +0 mace
rCold  . . .     Clarity  .     F - -1 robe
rNeg   . . .     SustAt   .     (no shield)
rPois  .         Gourm    .     (helmet restricted)
rElec  .         Spirit   .     (no cloak)
rCorr  .         Warding  .     (gloves unavailable)
rMut   .         Stasis   .     (boots unavailable)
MR     +....                    (no amulet)
Stlth  +.........               (no ring)
                                j - ring of protection from magic

@: lethally poisoned (0 -> -1), somewhat resistant to hostile enchantments, very
unstealthy
A: unfitting armour, tough skin 1
a: Renounce Religion


You were on level 7 of the Dungeon.
You worshipped the Shining One.
The Shining One was noncommittal.
You were hungry.

You visited 2 branches of the dungeon, and saw 9 of its levels.
You also visited: Sewer.

You collected 321 gold pieces.

Inventory:

Hand Weapons
 a - a +0 mace (weapon)
 b - a +0 blowgun
 e - a +0 spear
 q - a +0 whip of flaming
 w - a +0 antimagic dagger
 z - a +0 dagger of electrocution
 A - a +2 hand axe of flaming
 E - a +2 trident of protection
Missiles
 i - 72 stones (quivered)
 r - 23 sling bullets
 x - 2 throwing nets
 D - 2 tomahawks
Armour
 y - a +0 robe
 F - a -1 robe (worn)
Jewellery
 j - a ring of protection from magic (left hand)
Wands
 n - a wand of teleportation (0)
 B - a wand of polymorph (12)
Scrolls
 h - 7 scrolls of identify
 l - a scroll of random uselessness {unknown}
 C - a scroll of enchant armour {unknown}
 G - 2 scrolls of magic mapping {unknown}
Potions
 d - a potion of curing
 o - 3 potions of berserk rage {unknown}
 t - a potion of invisibility {unknown}
 v - 2 potions of agility
Books
 c - a book of Spatial Translocations

   Spells                             Type                      Level
   a - Apportation                    Translocation                1
   b - Blink                          Translocation                2
   c - Shroud of Golubria             Charms/Translocation         2
   d - Portal Projectile              Translocation                3
   e - Teleport Other                 Translocation                3
   f - Passage of Golubria            Translocation                4
Comestibles
 f - 5 bread rations
 k - 7 slices of pizza
 p - a royal jelly
 I - 4 fruits


   Skills:
 + Level 5.1 Fighting
 * Level 7.7 Maces & Flails
 * Level 5.7 Throwing
 - Level 2.1 Dodging
 * Level 6.7 Spellcasting
 + Level 2.0 Charms
 * Level 4.6 Translocations


You had 16 spell levels left.
You knew the following spells:

 Your Spells              Type           Power        Failure   Level  Hunger
a - Apportation           Tloc           ###.......   2%          1    None
b - Blink                 Tloc           N/A          4%          2    #......
c - Shroud of Golubria    Chrm/Tloc      ##........   8%          2    #......


Dungeon Overview and Level Annotations

Branches:
Dungeon (8/15)             Temple (1/1) D:7
   Lair: D:8-11

Altars:
The Shining One

Shops:
D:4 :

Annotations:
D:7 Pikel


Innate Abilities, Weirdness & Mutations

You are too large for most types of armour.
You have tough skin (AC +1).


Message History

Your magical contamination has completely faded away.
Drink which item? (? for menu, Esc to quit)
You feel better. The killer bee stings you.
* * * LOW HITPOINT WARNING * * *
The killer bee stings you.
* * * LOW HITPOINT WARNING * * *
You are poisoned.
The killer bee poisons you!
Drink which item? (? for menu, Esc to quit)
Okay, then.
Casting: Blink
Confirm with . or Enter, or press ? or * to list all spells.
You blink.
You feel sick.
Casting: Blink
Confirm with . or Enter, or press ? or * to list all spells.
You blink.
You feel sick. The killer bee barely misses you.
Casting: Blink
Confirm with . or Enter, or press ? or * to list all spells.
You blink.
The killer bee stings you!
You die...

.# #....##.........#.#
#.. .#
#....#####.####.#.# #.#
#.. ##
#...............#.#
#.###.#
#.....####.###..#.#
.##.....# #####.####.#
#..#.. ......... #...p..#
#..#.# .##.#....
#..##..###..#.# #.##...
#..##..§.y..#.#####.###..
#..K.g..@y.§........# ###
#..###...#..###.###.#####
#.y###.#.##.# #..........
#..##...[...# #..##.#####
#########......####)#
#..##.#####
..g.p.y...####.# #.#
#.......... ###########
#.# #.# ##.########
#.###### #.########
#.....# #>........


You could see Pikel, a slave, a gnoll sergeant and 2 killer bees.

Vanquished Creatures
  Sigmund (D:2)
  The ghost of daftwullie the Skirmisher, an amateur OgWr (D:3)
  A human (D:7)
  A hungry ghost (D:7)
  2 phantoms (D:5)
  A sky beast (D:7)
  A centaur (D:7)
  2 giant frogs
  3 orc priests
  4 orc wizards
  A centaur zombie (D:5)
  5 hounds
  A jelly (D:6)
  Jessica (D:2)
  7 worker ants
  4 sheep
  A hound zombie (D:5)
  The ghost of dscm the Charmwright, a weakling OpSk (D:4)
  The ghost of pedritolo the Sneak, a weakling SpEn of Dithmenos (D:5)
  A worker ant zombie (D:7)
  8 gnolls
  2 river rats
  15 adders
  A shadow imp (D:7)
  An ooze (D:3)
  2 worms (D:2)
  3 adder skeletons
  6 giant geckos
  35 orcs
  7 giant cockroaches
  5 goblins
  11 hobgoblins
  13 jackals
  2 quokkas (D:3)
  3 ball pythons
  6 bats
  6 giant newts
  A jackal skeleton (D:7)
  11 kobolds
  A quokka skeleton (D:4)
  15 rats
194 creatures vanquished.

Notes
Turn   | Place    | Note
--------------------------------------------------------------
     0 | D:1      | daftwullie the Ogre Warper began the quest for the Orb.
     0 | D:1      | Reached XP level 1. HP: 22/22 MP: 3/3
    73 | D:1      | Reached skill level 3 in Maces & Flails
   388 | D:1      | Reached XP level 2. HP: 25/29 MP: 3/5
   395 | D:1      | Learned a level 2 spell: Blink
   414 | D:1      | Learned a level 2 spell: Shroud of Golubria
  1110 | D:2      | Reached XP level 3. HP: 21/36 MP: 6/6
  1721 | D:2      | Noticed Sigmund
  1946 | D:2      | Reached XP level 4. HP: 35/45 MP: 8/8
  2315 | D:2      | Noticed Jessica
  2332 | D:2      | Killed Jessica
  2708 | D:3      | Reached skill level 4 in Maces & Flails
  2710 | D:3      | Reached XP level 5. HP: 37/53 MP: 4/10
  3585 | D:3      | Noticed daftwullie's ghost (amateur OgWr)
  4617 | D:4      | Found a glowing drain.
  4697 | Sewer    | Entered a sewer
  4943 | Sewer    | Reached XP level 6. HP: 56/61 MP: 7/11
  5086 | Sewer    | HP: 1/61 [river rat (7)]
  5455 | D:4      | Noticed dscm's ghost (weakling OpSk)
  5522 | D:4      | Killed dscm's ghost
  5724 | D:4      | HP: 3/61 [worker ant (4)]
  5732 | D:4      | HP: 2/61 [poisoned by a worker ant]
  5739 | D:4      | HP: 1/61 [poisoned by a worker ant]
  6573 | D:4      | HP: 3/61 [poisoned by a worker ant]
  6579 | D:4      | HP: 3/61 [poisoned by a worker ant]
  6587 | D:4      | HP: 2/61 [poisoned by a worker ant]
  7337 | D:2      | Reached XP level 7. HP: 38/67 MP: 8/13
  7876 | D:4      | Reached skill level 1 in Charms
  8193 | D:4      | Found Soepafae's Book Shoppe.
  8372 | D:4      | Reached skill level 5 in Maces & Flails
  8596 | D:3      | Reached skill level 5 in Spellcasting
  9265 | D:5      | Entered Level 5 of the Dungeon
 10142 | D:5      | Reached skill level 6 in Maces & Flails
 10142 | D:5      | Reached XP level 8. HP: 54/78 MP: 7/15
 10494 | D:5      | Noticed pedritolo's ghost (weakling SpEn)
 10521 | D:5      | Killed pedritolo's ghost
 11170 | D:6      | Found a glowing golden altar of the Shining One.
 11335 | D:6      | Became a worshipper of the Shining One
 11760 | D:3      | Killed daftwullie's ghost
 11760 | D:3      | Reached skill level 5 in Throwing
 11935 | D:2      | Killed Sigmund
 12737 | D:5      | Reached skill level 7 in Maces & Flails
 13096 | D:7      | Reached XP level 9. HP: 38/87 MP: 12/18
 13651 | D:7      | Found a staircase to the Ecumenical Temple.
 13663 | Temple   | Entered the Ecumenical Temple
 13785 | D:7      | Reached skill level 5 in Fighting
 13797 | D:7      | Noticed Pikel
 14301 | D:7      | Slain by a killer bee

Action                   |  1- 3 |  4- 6 |  7- 9 || total
-------------------------+-------+-------+-------++-------
Melee: Mace              |    92 |   443 |   493 ||  1028
 Fire: Blowgun           |       |       |    12 ||    12
Throw: Stone             |    38 |   142 |   101 ||   281
       Tomahawk          |     5 |       |    40 ||    45
 Cast: Shroud of Golubri |     9 |    71 |    73 ||   153
       Blink             |     3 |    10 |    10 ||    23
Evoke: Wand              |       |       |     3 ||     3
  Use: Scroll            |     3 |    12 |     2 ||    17
       Potion            |     1 |     2 |     3 ||     6
  Eat: Chunk             |     4 |    21 |    15 ||    40
       Beef jerky        |       |     1 |     2 ||     3
       Bread ration      |       |       |     2 ||     2
